 Dungeon Crawl Stone Soup version 0.25-a0-424-g80bd347 (webtiles) character file.

Game seed: 13428779018947338732, levelgen mode: deterministic

75 Auros the Firebug (level 4, -3/33 HPs)
             Began as a Hill Orc Fire Elementalist on Jan 21, 2020.
             Was an Initiate of Makhleb.
             Slain by a kobold
             ... wielding a +2 whip of venom
              (4 damage)
             ... on level 2 of the Dungeon.
             The game lasted 00:20:38 (3685 turns).

Auros the Firebug (Hill Orc Fire Elementalist)      Turns: 3685, Time: 00:20:39

Health: -3/33      AC:  4    Str: 11    XL:     4   Next: 31%
Magic:  4/6        EV: 11    Int: 15    God:    Makhleb [......]
Gold:   128        SH:  0    Dex: 11    Spells: 2/6 levels left

rFire    x . .     SeeInvis .   g - +0 whip
rCold    + . .     Gourm    .   (no shield)
rNeg     . . .     Faith    .   q - +0 leather armour (curse)
rPois    .         Spirit   .   o - +0 helmet
rElec    .         Reflect  .   (no cloak)
rCorr    .         Harm     .   (no gloves)
MR       .....     Rnd*Tele +   (no boots)
Stlth    +.........             (no amulet)
HPRegen  0.11/turn              e - ring of ice
MPRegen  0.10/turn              t - ring of teleportation (curse)

@: lethally poisoned (-3 -> -43), hasted, very quick
A: no striking features
a: Renounce Religion


You were on level 2 of the Dungeon.
You worshipped Makhleb.
Makhleb was noncommittal.
You were not hungry.

You visited 1 branch of the dungeon, and saw 2 of its levels.

You collected 128 gold pieces.

Inventory:

Hand Weapons
 g - a +0 whip (weapon)
 m - a +0 hunting sling
Missiles
 h - 35 arrows
 n - 32 bolts
 s - 8 sling bullets
 Z - 78 stones (quivered)
Armour
 a - a +0 robe
 l - a +0 scale mail
 o - a +0 helmet (worn)
 q - a cursed +0 leather armour (worn)
Jewellery
 b - an uncursed ring of positive energy
 e - a ring of ice (left hand)
 t - a cursed ring of teleportation (right hand)
Scrolls
 d - 5 scrolls of identify {unknown}
 f - a scroll of fog {unknown}
 j - 2 scrolls of amnesia {unknown}
 u - a scroll of enchant weapon {unknown}
Potions
 c - a potion of haste
 i - a potion of might {unknown}
 k - a potion of cancellation {unknown}
 p - a potion of mutation {unknown}
 r - a potion of degeneration {unknown}
Comestibles
 v - 3 chunks of flesh
 z - 4 rations


   Skills:
 - Level 1.5 Dodging
 - Level 1.5 Stealth
 - Level 1.5 Spellcasting
 + Level 2.8 Conjurations
 + Level 4.4 Fire Magic
 + Level 1.0 Invocations


You had 2 spell levels left.
You knew the following spells:

 Your Spells              Type           Power        Failure   Level  Hunger
a - Foxfire               Conj/Fire      ##..         7%          1    ##.....
b - Conjure Flame         Conj/Fire      ##......     21%         3    ####...

Your spell library contained the following spells:

 Spells                   Type           Power        Failure   Level  Hunger
 Inner Flame              Hex/Fire       #.......     36%         3    ####...
 Sticky Flame             Conj/Fire      ##......     56%         4    #####..
 Fireball                 Conj/Fire      ##........   88%         5    ######.


Dungeon Overview and Level Annotations

Branches:
Dungeon (2/15)

Altars:
Cheibriados
Makhleb
Nemelex Xobeh


Message History

You feel very sick.
The kobold hits you with a +2 whip of venom.
* * * LOW HITPOINT WARNING * * *
You are more poisoned.
You hit the kobold.
The kobold is moderately wounded.
* * * LOW HITPOINT WARNING * * *
You feel very sick. The kobold hits you but does no damage.
You are more poisoned.
Press: ? - help, v - describe, . - travel
Here: a kobold, wielding a +2 whip of venom (moderately wounded)
The floor.
* * * LOW HITPOINT WARNING * * *
You feel very sick.
It was a potion of haste.
You feel yourself speed up.
* * * LOW HITPOINT WARNING * * *
You feel very sick.
The kobold hits you with a +2 whip of venom.
You die...

#######.#.##.# ##
### #2#.....##.#
..#.. ###...####.# #
.#.###.##..# #.# #.
....#.##.>####.#
#.###.#.#.###.##...#
#.....#.#.....##.###
#####..÷..########.#
#....K@.....# #.#
#.#.#.#####.# #.#
#.#.#.# #.######.###
#.###.# #.÷........#
#. #.# ############
## #.# ..# ###


You could see a kobold.

Vanquished Creatures
  Robin (D:2)
  An ooze (D:2)
  3 worms (D:2)
  2 dart slugs
  A leopard gecko (D:1)
  2 giant cockroaches (D:1)
  12 goblins
  6 hobgoblins
  4 quokkas (D:2)
  4 bats
  3 frilled lizards
  3 kobolds
  4 rats
46 creatures vanquished.

Vanquished Creatures (others)
  36 foxfires
36 creatures vanquished.

Grand Total: 82 creatures vanquished

Notes
Turn   | Place    | Note
-------+----------+-------------------------------------------
     0 | D:1      | Auros the Hill Orc Fire Elementalist began the quest for
                  | the Orb.
     0 | D:1      | Reached XP level 1. HP: 14/14 MP: 3/3
   279 | D:1      | Reached XP level 2. HP: 13/20 MP: 0/4
  1661 | D:1      | Reached XP level 3. HP: 18/26 MP: 3/5
  1820 | D:2      | Reached skill level 4 in Fire Magic
  1918 | D:2      | Found a snail-covered altar of Cheibriados.
  2199 | D:2      | Noticed Robin
  2210 | D:2      | Killed Robin
  2317 | D:2      | Found a burning altar of Makhleb.
  2319 | D:2      | Noticed a blizzard demon
  2323 | D:2      | Noticed a neqoxec
  2323 | D:2      | Noticed a ynoxinul
  2325 | D:2      | Became a worshipper of Makhleb the Destroyer
  2599 | D:2      | Found a sparkling altar of Nemelex Xobeh.
  2667 | D:2      | Learned a level 3 spell: Conjure Flame
  2669 | D:2      | Reached XP level 4. HP: 33/33 MP: 2/6
  3614 | D:2      | Reached skill level 1 in Invocations
  3685 | D:2      | HP: 1/33 [poisoned by a kobold]
  3685 | D:2      | Slain by a kobold

Levels and vault maps discovered:
D:1:      dpeg_arrival_simpleton_b, layout_basic, serial_forest,
          infiniplex_forest_clump_large, infiniplex_forest_end_2,
          infiniplex_forest_end_3, infiniplex_forest_straight_2,
          infiniplex_forest_zigzag_1, infiniplex_forest_clump_tiny,
          infiniplex_forest_straight_3, corner_web_ring, st_stairs_9
D:2:      layout_basic, nicolae_overflow_crystal_walls,
          lemuel_coloured_pillars_altar, makhleb_altar_promises_db, uniq_robin

Skill      XL: |  1  2  3  4 |
---------------+-------------+-----
Conjurations   | 2 |  2.8
Fire Magic     | 4 |  4.4
Invocations    | 1 |  1.0
Dodging        | |  1.5
Stealth        | |  1.5
Spellcasting   | |  1.5

Action                   |  1- 3 |  4- 6 || total
-------------------------+-------+-------++-------
Melee: Unarmed           |    11 |       ||    11
       Dagger            |    24 |       ||    24
       Whip              |    79 |    58 ||   137
 Fire: Hunting sling     |     8 |    20 ||    28
Throw: Stone             |    10 |       ||    10
 Cast: Foxfire           |    28 |     7 ||    35
       Conjure Flame     |     1 |     6 ||     7
  Use: Potion            |       |     1 ||     1
 Stab: Sleeping          |     1 |       ||     1
  Eat: Chunk             |     6 |     5 ||    11
Armor: Robe              |     6 |       ||     6
       Scale mail        |    24 |       ||    24
       Leather armour    |     2 |    10 ||    12
Dodge: Dodged            |    63 |    29 ||    92

Table legend:
 A = Non-vault XP
 B = Vault XP
 C = Vault XP percentage of total XP
 D = Non-vault monster count
 E = Vault monster count
 F = Vault count percentage of total count
                 A         B        C        D         E       F
            +---------+---------+-------+---------+---------+-------
      Total |      77 |      31 |  28.7 |      35 |      11 |  23.9
            +---------+---------+-------+---------+---------+-------
        D:1 |      33 |       3 |   8.3 |      19 |       2 |   9.5
        D:2 |      44 |      28 |  38.9 |      16 |       9 |  36.0
            +---------+---------+-------+---------+---------+-------
